 Dungeon Crawl Stone Soup version 0.27.1-4-g1640c2035a (webtiles) character file.

Game seed: 12078900242254760161

348 szrap the Magician (level 6, -8/45 HPs)
             Began as a Djinni Fire Elementalist on Oct 31, 2021.
             Was an Initiate of Ashenzari.
             Killed by divine providence
             ... invoked by an orc priest
              (11 damage)
             ... on level 5 of the Dungeon on Nov 1, 2021.
             The game lasted 00:13:08 (6703 turns).

szrap the Magician (Djinni Fire Elementalist)       Turns: 6703, Time: 00:13:09

Health: -8/45      AC:  2    Str:  7    XL:     6   Next: 91%
Gold:   310        EV: 13    Int: 19    God:    Ashenzari [......] SH:  0 Dex: 13

rFire    + + .     SeeInvis .   n - +6 mace of the Chain {drain, rN+}
rCold    x . .     Faith    .   (no shield)
rNeg     + + .     Spirit   .   a - +0 robe
rPois    ∞         Reflect  .   (no helmet)
rElec    .         Harm     .   (no cloak)
rCorr    .         Rampage  .   (no gloves)
Will     .....                  (boots unavailable)
Stlth    ++........             (no amulet)
HPRegen  0.15/turn              d - ring of Ashenzari's Sorrow {rN+, Self, Range} (curse)
MPRegen  0.00/turn              (no ring)

@: flying, studying Shields
A: sickness immunity, fire resistance 2, cold vulnerability 1, float, innate
caster, hp casting, extra vitality 1
a: Renounce Religion, Shatter the Chains


You were on level 5 of the Dungeon.
You worshipped Ashenzari.
Ashenzari was noncommittal.
You visited 2 branches of the dungeon, and saw 6 of its levels.

You collected 310 gold pieces.

Inventory:

Hand Weapons
 j - a +2 flail of protection
 n - the +6 mace of the Chain (weapon) {drain, rN+}
   (You found it on level 5 of the Dungeon)

   A truly terrible weapon, it drains the life of any living foe it strikes.
   rN:        It protects you from negative energy.
Armour
 a - a +0 robe (worn)
Jewellery
 d - the cursed ring of Ashenzari's Sorrow (left hand) {rN+, Self, Range}
   (You found it on level 4 of the Dungeon)

   [ring of positive energy]

   rN:        It protects you from negative energy.
   It has a curse which improves the following skills: Introspection: Fighting
   and Spellcasting.
   Ranged Combat: Slings, Bows, Crossbows and Throwing.
 l - a ring of ice
Wands
 i - a wand of mindburst (18)
 k - a wand of flame (27)
Scrolls
 b - a scroll of teleportation
 m - a scroll of silence
Potions
 c - 3 potions of curing
 e - a potion of lignification
 f - a potion of attraction
 g - a potion of resistance
 h - a potion of brilliance


   Skills:
 * Level 2.4(2.9) Fighting
 * Level 3.2 Dodging
 - Level 1.5 Stealth
 * Level 2.0 Shields
 + Level 4.6(5.1) Spellcasting


You couldn't memorise any spells.
You knew the following spells:

 Your Spells              Type           Power      Damage    Failure   Level
a - Foxfire               Conj/Fire      96%        2x1d8     1%          1
b - Conjure Flame         Conj/Fire      24%        6-21      4%          3
c - Inner Flame           Hex/Fire       24%        N/A       4%          3
d - Sticky Flame          Conj/Fire      24%        2d5       14%         4
e - Fireball              Conj/Fire      12%        3d7       38%         5
f - Sting                 Tmut/Pois      96%        1d7       1%          1
g - Wereblood             Tmut           24%        N/A       2%          2
Your spell library was empty.

Dungeon Overview and Level Annotations

Branches:
Dungeon (5/15)             Temple (1/1) D:4

Altars:
Ashenzari
Cheibriados
Dithmenos
Elyvilon
Fedhas
Gozag
Kikubaaqudgha
Makhleb
Nemelex Xobeh
Okawaru
Qazlal
Ru
Sif Muna
Trog
Uskayaw
Vehumet
Wu Jian
Xom
Yredelemnul
Zin
The Shining One

Shops:
D:2 (

Annotations:
D:4 Edmund
D:5 2 transporters, Whoops's ghost, novice FoFi


Innate Abilities, Weirdness & Mutations

You are immune to sickness and miasma.
You are immune to poison.
Your flesh is very heat resistant. (rF++)
You are vulnerable to cold. (rC-)
You float through the air rather than walking.
You learn spells naturally, not from books.
Your magical power is your life essence.
You have superior vitality. (+4 HP)


Message History

* * * LOW HITPOINT WARNING * * *
You hit the bullfrog zombie.
The bullfrog zombie is moderately damaged.
The bullfrog zombie barely misses you.
The bullfrog zombie completely misses you.
The bullfrog zombie closely misses you. The scorpion completely misses you.
The orc hits you with a +2 dagger of electrocution.
* * * LOW HITPOINT WARNING * * *
An orc comes into view. It is wielding a +0 whip.
As you read the scroll of teleportation, it crumbles to dust.
You feel strangely unstable. The bullfrog zombie barely misses you.
The scorpion closely misses you. The orc misses you.
The bullfrog zombie hits you.
* * * LOW HITPOINT WARNING * * *
You closely miss the orc.
The scorpion stings you but does no damage.
The bullfrog zombie closely misses you. The orc closely misses you.
The scorpion barely misses you.
Unknown command.
Unknown command.
Your surroundings suddenly seem different.
Found 13 gold pieces.
Found 2 gold pieces.
An orc priest and an orc wizard come into view.
Found a potion of curing and 13 gold pieces.
The orc priest shouts!
You hear a shout! x2
An orc comes into view. It is wielding a +0 falchion.
An orc wizard comes into view. It is wielding a +0 dagger.
The orc priest moves out of view.
The orc shouts!
You hear a shout!
An orc wizard comes into view. It is wielding a +0 dagger.
The orc wizard gestures wildly while chanting.
The orc wizard flickers and vanishes!
Deactivating autopickup; reactivate with Ctrl-A.
The orc wizard casts a spell.
The orc wizard flickers and vanishes!
The orc priest invokes the aid of Beogh against you.
Beogh smites you!
You die...

#. ..#..##.####..#$......
### #..#.##.#....©#?....©.
..... #.##....#.##..#.......
#.#.##$.#.# #.###.#..#8#.#
#.........# #.# #.#..###.#
#.........# #.# #.#....(..
#..###.#### #.# #.#...ZW..
#.{###.#######.###.########
..!.oo.....@................
##.o##.########.##.#####Z###
# #. #....(.....### ..
#........<.... ...
......##.######## .$.
########.# .$#. #.. ####


You could see an orc priest and an orc wizard.

Vanquished Creatures
  A water moccasin skeleton (D:4)
  A hound (D:4)
  An orc priest (D:4)
  Terence (D:2)
  An orc wizard (D:3)
  2 hound zombies (D:3)
  7 adders
  2 worms (D:2)
  4 dart slugs
  4 orcs (D:4)
  6 ball pythons
  3 bats (D:1)
  7 endoplasms
  3 giant cockroaches
  9 hobgoblins
  2 jackals (D:2)
  8 kobolds
  3 quokkas
  A ball python zombie (D:3)
  3 frilled lizards
  8 goblins
  4 rats
81 creatures vanquished.

Vanquished Creatures (others)
  296 foxfires
296 creatures vanquished.

Grand Total: 377 creatures vanquished

Notes
Turn   | Place    | Note
-------+----------+-------------------------------------------
     0 | D:1      | szrap the Djinni Fire Elementalist began the quest for the
                  | Orb.
     0 | D:1      | Reached XP level 1. HP: 15/15 MP: 0/0
   213 | D:1      | Reached XP level 2. HP: 21/22 MP: 0/0
   837 | D:1      | Reached skill level 1 in Fighting
   837 | D:1      | Reached XP level 3. HP: 18/27 MP: 0/0
   837 | D:1      | Learned a level 1 spell: Sting
   980 | D:1      | Reached skill level 3 in Spellcasting
  1420 | D:2      | Identified a scroll of acquirement
  1420 | D:2      | Acquired a manual of Shields
  1511 | D:2      | Reached XP level 4. HP: 29/32 MP: 0/0
  1604 | D:2      | Found Xailih's Weapon Shop.
  2050 | D:2      | Noticed Terence
  2070 | D:2      | Killed Terence
  2071 | D:2      | Reached XP level 5. HP: 31/38 MP: 0/0
  2071 | D:2      | Learned a level 2 spell: Wereblood
  3010 | D:3      | Reached skill level 4 in Spellcasting
  3989 | D:3      | Reached XP level 6. HP: 8/43 MP: 0/0
  4387 | D:4      | Reached skill level 1 in Shields
  4498 | D:4      | Found a staircase to the Ecumenical Temple.
  4506 | Temple   | Entered the Ecumenical Temple
  4574 | Temple   | Became a worshipper of Ashenzari the Shackled
  5987 | D:5      | Entered Level 5 of the Dungeon
  5999 | D:5      | Noticed Edmund
  6397 | D:5      | Found a transporter.
  6445 | D:5      | Found a transporter.
  6446 | D:5      | Noticed Whoops's ghost (novice FoFi)
  6446 | D:5      | Identified the +6 mace of the Chain {drain, rN+}
  6694 | D:5      | HP: 2/45 [bullfrog zombie (2)]
  6703 | D:5      | Killed from afar by an orc priest

Illustrated notes

Levels and vault maps discovered:
D:1:      minmay_arrival_radiant_lines, layout_loops_corners,
          minmay_splitting_lines, minmay_cut_off
D:2:      layout_basic, serial_shops, nicolae_shop_stone, minmay_hexomino_f4,
          uniq_terence
D:3:      layout_loops_ring, serial_undead, serial_undead_f, serial_undead_d,
          serial_undead_b, serial_undead_c, minmay_misc_feat_more_columns
D:4:      layout_loops_cross, minmay_temple_entry_overgrown, minivault_5
D:5:      layout_loops_ring, gammafunk_ghost_mausoleum,
          chequers_serial_rivers_micro_a, nicolae_stop_n_shop_2, uniq_edmund,
          uniq_pikel, uniq_grinder
Temple:   compressed_dpeg_circular_temple

Skill      XL: |  1  2  3  4  5  6 |
---------------+-------------------+-----
Fighting       | 1 2 |  2.4
Spellcasting   | 3 4 |  4.6
Dodging        | 3 |  3.2
Shields        | 2 |  2.0
Stealth        | |  1.5

Action                   |  1- 3 |  4- 6 || total
-------------------------+-------+-------++-------
Melee: Short sword       |     2 |     1 ||     3
       Mace              |       |     3 ||     3
 Cast: Foxfire           |    50 |   153 ||   203
       Conjure Flame     |       |     1 ||     1
Invok: Curse Item        |       |     1 ||     1
  Use: Scroll            |     2 |     6 ||     8
Armor: Robe              |    10 |    11 ||    21
Dodge: Dodged            |     9 |    64 ||    73
